 Dungeon Crawl Stone Soup version 0.25-a0-576-g50b708a4c4 (console) character file.

Game seed: 592471371599976096, levelgen mode: deterministic

182 utis the Shooter (level 5, 0/29 HPs)
             Began as a Tengu Arcane Marksman on Mar 1, 2020.
             Slain by a gnoll (7 damage)
             ... on level 3 of the Dungeon.
             The game lasted 00:10:09 (4209 turns).

utis the Shooter (Tengu Arcane Marksman)            Turns: 4209, Time: 00:10:10

Health: 0/29       AC:  6    Str: 10    XL:     5   Next: 62%
Magic:  7/7        EV: 17    Int: 14    God:
Gold:   223        SH:  0    Dex: 15    Spells: 3/6 levels left

rFire    . . .     SeeInvis .   a - +3 dagger
rCold    . . .     Gourm    .   (no shield)
rNeg     + . .     Faith    .   e - +0 robe
rPois    .         Spirit   .   (helmet restricted)
rElec    .         Reflect  .   v - +2 cloak
rCorr    .         Harm     .   k - +0 pair of gloves
MR       .....                  (boots unavailable)
Stlth    +.........             (no amulet)
HPRegen  0.09/turn              (no ring)
MPRegen  0.10/turn              N - ring of positive energy

@: flying quickly and evasively, quick
A: beak, talons 3, able to fly
a: Stop Flying


You were on level 3 of the Dungeon.
You were not hungry.

You visited 1 branch of the dungeon, and saw 4 of its levels.

You collected 223 gold pieces.

Inventory:

Hand Weapons
 a - a +3 dagger (weapon)
 b - a +0 hunting sling
 c - a +0 whip
 j - a +0 dagger
 l - a +1 short sword
 w - a +0 shortbow
Missiles
 d - 18 arrows
 g - 31 stones (quivered)
 q - 102 sling bullets
Armour
 e - a +0 robe (worn)
 k - a +0 pair of gloves (worn)
 v - a +2 cloak (worn)
Jewellery
 N - a ring of positive energy (right hand)
Wands
 r - a wand of clouds (7)
 t - a wand of paralysis (11)
Scrolls
 h - 2 scrolls of remove curse {@r2}
 m - a scroll of identify {@r1}
 p - 2 scrolls of blinking {unknown}
 s - 2 scrolls of fog {unknown}
 u - a scroll of enchant weapon
 y - a scroll of immolation {unknown}
 z - a scroll of magic mapping {unknown}
Potions
 i - 2 potions of curing {@q1}
 n - a potion of lignification
 x - a potion of stabbing
 A - a potion of invisibility
Comestibles
 f - 10 rations {@e1}
 o - 5 chunks of flesh


   Skills:
 - Level 1.0 Fighting
 + Level 4.6 Bows
 + Level 4.6 Dodging
 - Level 1.0 Spellcasting
 - Level 2.1 Hexes


You had 3 spell levels left.
You knew the following spells:

 Your Spells              Type           Power        Failure   Level  Hunger
a - Corona                Hex            #......      11%         1    ##.....
w - Slow                  Hex            #.......     16%         2    ###....

Your spell library contained the following spells:

 Spells                   Type           Power        Failure   Level  Hunger
 Inner Flame              Hex/Fire       #.......     45%         3    ####...
 Portal Projectile        Hex/Tloc       #.....       45%         3    ####...
 Cause Fear               Hex            #.........   71%         4    #####..
 Leda's Liquefaction      Hex/Erth       #.........   86%         4    #####..


Dungeon Overview and Level Annotations

Branches:
Dungeon (4/15)
 Temple: D:4-7

Altars:

Annotations:
D:4 Eustachio


Innate Abilities, Weirdness & Mutations

You have a beak for a mouth.
You have claws for feet.
You can fly continuously.


Message History

You kill the orc!
The orc completely misses you.
You hit the gnoll.
The gnoll is lightly wounded.
The gnoll misses you. The orc hits you but does no damage.
You hit the gnoll but do no damage. You claw the gnoll.
The gnoll is heavily wounded.
The gnoll barely misses you. The orc barely misses you.
You completely miss the gnoll.
The gnoll is heavily wounded.
The gnoll completely misses you. The orc misses you.
You barely miss the gnoll. Your kick misses the gnoll.
The gnoll is heavily wounded.
The gnoll closely misses you.
You hit the gnoll but do no damage.
The gnoll is heavily wounded.
The orc hits you with a +0 flail.
* * * LOW HITPOINT WARNING * * *
The gnoll hits you!
You die...

░░░░░░ ░░░░░..[<░░░░░
......░░.....░
.......░.....░
.......'.....░
░░░░...░.....░ ░...░.....░
░░░░...░.....░░░░░░░░░░░░░
.............ogoQg.......░
...........░░░░░░░░░░░░░.░
.░░░░░░░░░░░ ░░░░░░░.░
.░░░░░░░░░░░░ ░....[..░
...░........░ ░.░░░░░░░
.░.░........░ ░.░
.░.░........░ ░)░
░░......░░░.░░░░░░.░
░░░░░░░░░░.░......░


You could see 2 gnolls and 2 orcs.

Vanquished Creatures
  Robin (D:2)
  4 adders
  An ooze (D:3)
  2 worms
  6 dart slugs
  5 leopard geckos
  11 orcs (D:3)
  A ball python (D:3)
  A bat (D:2)
  2 giant cockroaches (D:3)
  13 goblins
  10 hobgoblins
  2 jackals (D:3)
  14 kobolds
  5 quokkas
  4 frilled lizards
  13 rats
95 creatures vanquished.

Notes
Turn   | Place    | Note
-------+----------+-------------------------------------------
     0 | D:1      | utis the Tengu Arcane Marksman began the quest for the Orb.
     0 | D:1      | Reached XP level 1. HP: 12/12 MP: 3/3
     9 | D:1      | Noticed a centaur
   330 | D:1      | Reached XP level 2. HP: 12/16 MP: 1/4
   609 | D:1      | Learned a level 2 spell: Slow
  1190 | D:1      | Reached XP level 3. HP: 20/20 MP: 3/5
  1860 | D:2      | Noticed Robin
  1869 | D:2      | Killed Robin
  1869 | D:2      | Reached XP level 4. HP: 18/25 MP: 6/6
  3082 | D:3      | Gained mutation: You can fly continuously. [Tengu growth]
  3082 | D:3      | Reached XP level 5. HP: 29/29 MP: 7/7
  4048 | D:4      | Noticed Eustachio
  4209 | D:3      | Slain by a gnoll

Levels and vault maps discovered:
D:1:      evilmike_arrival_come_back, layout_basic, minmay_misc_feat_iff,
          chequers_serial_rivers_micro_c, chequers_mini_garden,
          chequers_serial_rivers_room_b, minmay_hexomino_f4
D:2:      layout_basic, uniq_robin
D:3:      layout_basic, minmay_ruptured
D:4:      layout_cave_pods, grunt_temple_overflow_magic_moments, bloody_trog,
          first_ration, nrook_campfire, uniq_eustachio, uniq_edmund

Skill      XL: |  1  2  3  4 |
---------------+-------------+-----
Bows           | 3 4 |  4.6
Dodging        | 3 4 |  4.6
Fighting       | |  1.0
Spellcasting   | |  1.0
Hexes          | |  2.1

Action                   |  1- 3 |  4- 6 || total
-------------------------+-------+-------++-------
Melee: Dagger            |    51 |    60 ||   111
       Whip              |     3 |       ||     3
       Unarmed           |     2 |       ||     2
       Kick              |    10 |    13 ||    23
       Peck              |     4 |     8 ||    12
       Short sword       |     7 |       ||     7
 Fire: Hunting sling     |    41 |   112 ||   153
       Shortbow          |       |     8 ||     8
 Cast: Corona            |    33 |     2 ||    35
       Slow              |       |     3 ||     3
 Abil: Fly               |       |     1 ||     1
  Use: Scroll            |       |     7 ||     7
 Stab: Distracted        |       |     1 ||     1
  Eat: Chunk             |     4 |     8 ||    12
Armor: Robe              |     9 |    11 ||    20
Dodge: Dodged            |    40 |    72 ||   112

Table legend:
 A = Non-vault XP
 B = Vault XP
 C = Vault XP percentage of total XP
 D = Non-vault monster count
 E = Vault monster count
 F = Vault count percentage of total count
                 A         B        C        D         E       F
            +---------+---------+-------+---------+---------+-------
      Total |     201 |      60 |  23.0 |      73 |      22 |  23.2
            +---------+---------+-------+---------+---------+-------
        D:1 |      32 |       8 |  20.0 |      18 |       6 |  25.0
        D:2 |      70 |      39 |  35.8 |      21 |      13 |  38.2
        D:3 |      99 |      13 |  11.6 |      34 |       3 |   8.1
            +---------+---------+-------+---------+---------+-------
